 Dungeon Crawl Stone Soup version 0.32-a0-699-g1ee5eff69a (webtiles) character file.

Game seed: 17928412401191844954

627 growler the Cudgeller (level 7, 0/85 HPs)
             Began as an Armataur Berserker on Mar 13, 2024.
             Was a Priest of Trog.
             Succumbed to a water moccasin's poison
             ... on level 5 of the Dungeon.
             The game lasted 00:07:20 (3306 turns).

growler the Cudgeller (Armataur Berserker)          Turns: 3306, Time: 00:07:20

Health: 0/85       AC:  9    Str: 24    XL:     7   Next: 23%
Magic:  7/7        EV:  4    Int:  7    God:    Trog [***...]
Gold:   92         SH:  0    Dex: 10    Spells: 6/6 levels left

rFire   . . .        a - +0 mace
rCold   . . .        (no shield)
rNeg    . . .        p - +0 plate armour
rPois   .            (no helmet)
rElec   .            (no cloak)
rCorr   .            (no gloves)
SInv    .            (no barding)
Will    .....        (no amulet) Stlth
                     (no ring)
HPRegen 0.34/turn    (no ring)
MPRegen 0.10/turn

%: roll
@: berserking, lethally poisoned (0 -> -7), very quick
A: large, deformed body, tough skin 3, armoured tail, rollpage 2
a: Renounce Religion, Berserk, Trog's Hand


You were on level 5 of the Dungeon.
You worshipped Trog.
Trog was most pleased with you.
You visited 1 branch of the dungeon, and saw 5 of its levels.

You collected 92 gold pieces.

Inventory:

Hand Weapons
 a - a +0 mace (weapon)
Armour
 i - a +0 scale mail
 p - a +0 plate armour (worn)
Jewellery
 o - the ring "Erchusch" {Fire Str+6}
   (You found it on level 4 of the Dungeon)

   [ring of fire]

   Fire:      It enhances your fire magic.
   Str+6:     It affects your strength (+6).
   rF+:       It protects you from fire.
   rC-:       It makes you vulnerable to cold.
Wands
 b - a wand of quicksilver (6)
Scrolls
 c - 3 scrolls of identify
 e - a scroll of poison {unknown}
 f - a scroll of enchant weapon {unknown}
 g - a scroll of fear {unknown}
 h - a scroll of brand weapon {unknown}
 j - a scroll of noise {unknown}
 l - 2 scrolls of revelation {unknown}
 n - a scroll of vulnerability {unknown}
 q - a scroll of teleportation {unknown}
Potions
 d - a potion of brilliance
 k - 2 potions of haste
 m - a potion of curing


   Skills:
 - Level 3.6 Fighting
 + Level 6.2 Maces & Flails
 - Level 4.1 Armour
 - Level 2.5 Dodging


You had 6 spell levels left.
You didn't know any spells.
Your spell library was empty.

Dungeon Overview and Level Annotations

Branches:
Dungeon (5/15)
 Temple: D:4-7

Altars:
Nemelex Xobeh
Yredelemnul


Innate Abilities, Weirdness & Mutations

Armour fits poorly on your strangely shaped body.
You have extremely tough skin. (AC +3)
You have a long armoured tail.
You regenerate magic and health when rolling toward enemies. (Rampage Regen)


Message History

Your tail-slap misses the water moccasin.
The water moccasin is moderately wounded.
You feel sick. The water moccasin barely misses you.
You barely miss the water moccasin.
Your tail-slap misses the water moccasin.
The water moccasin is moderately wounded.
You feel sick. The water moccasin bites you.
* * * LOW HITPOINT WARNING * * *
You are lethally poisoned!
The water moccasin poisons you!
You hit the water moccasin.
The water moccasin is moderately wounded.
* * * LOW HITPOINT WARNING * * *
You feel very sick.
The water moccasin bites you but does no damage.
Unknown command.
You miss the water moccasin.
The water moccasin is moderately wounded.
* * * LOW HITPOINT WARNING * * *
You feel very sick.
The water moccasin completely misses you.
Unknown command.
You sock the water moccasin!
The water moccasin is severely wounded.
* * * LOW HITPOINT WARNING * * *
You feel sick. The water moccasin bites you.
* * * LOW HITPOINT WARNING * * *
Unknown command.
You hit the water moccasin.
The water moccasin is almost dead.
* * * LOW HITPOINT WARNING * * *
You feel very sick. The water moccasin bites you.
* * * LOW HITPOINT WARNING * * *
The water moccasin bites you but does no damage.
You are too berserk!
You sock the water moccasin!
You kill the water moccasin!
Trog accepts your kill.
You die...

.....................
......................
......................+
......................#
.......................
.......................
.......................
....###'###............
. #..@..#............
#.....#.....#+####
+.....#.....#....###
#.....#.....#.......
#.....#.....#.......
#######.....).......
#.....#....##.
#######....#
#....<.....+


There were no monsters in sight!

Vanquished Creatures
  A water moccasin (D:5)
  A black bear (D:4)
  2 scorpions
  5 wights (D:4)
  A bombardier beetle (D:4)
  A sleepcap (D:4)
  An adder (D:4)
  2 dart slugs
  4 ribbon worms
  5 orcs
  5 ball pythons
  5 endoplasms
  7 giant cockroaches
  6 hobgoblins
  2 jackals (D:3)
  3 quokkas
  9 bats
  A frilled lizard (D:2)
  4 goblins
  4 kobolds
  10 rats
79 creatures vanquished.

Notes
Turn   | Place    | Note
-------+----------+-------------------------------------------
     0 | D:1      | growler the Armataur Berserker began the quest for the Orb.
     0 | D:1      | Reached XP level 1. HP: 18/18 MP: 1/1
   125 | D:1      | Reached XP level 2. HP: 8/25 MP: 2/2
   405 | D:1      | Reached skill level 3 in Maces & Flails
   509 | D:1      | Reached ** piety under Trog
   597 | D:2      | Reached XP level 3. HP: 27/31 MP: 3/3
   814 | D:2      | Found a sparkling altar of Nemelex Xobeh.
  1475 | D:3      | Reached XP level 4. HP: 24/38 MP: 4/4
  2147 | D:4      | Reached XP level 5. HP: 40/45 MP: 5/5
  2235 | D:4      | Reached skill level 4 in Maces & Flails
  2235 | D:4      | Reached XP level 6. HP: 37/51 MP: 6/6
  2320 | D:4      | Reached *** piety under Trog
  2331 | D:4      | Identified the ring "Erchusch" {Fire Str+6}
  2631 | D:4      | Reached skill level 5 in Maces & Flails
  2823 | D:4      | Found a basalt altar of Yredelemnul.
  2921 | D:4      | Gained mutation: You regenerate magic and health when
                  | rolling toward enemies. (Rampage Regen) [Armataur growth]
  2921 | D:4      | Reached XP level 7. HP: 51/57 MP: 7/7
  3171 | D:5      | Entered Level 5 of the Dungeon
  3182 | D:5      | Reached skill level 6 in Maces & Flails
  3305 | D:5      | HP: 3/85 [poisoned by a water moccasin]
  3305 | D:5      | HP: 1/85 [water moccasin (2)]
  3306 | D:5      | Succumbed to a water moccasin's poison

Illustrated notes

Levels and vault maps discovered:
D:1:      saegor_arrival_simple_e, layout_rooms, minmay_close_crescents
D:2:      layout_basic, basic_altar
D:3:      layout_rooms, corexii_hall_statues_t
D:4:      wander_river, layout_loops_ring, mainiacjoe_overflow_surrounded_room
D:5:      layout_gridville, serial_shops, nicolae_square_shop, shop, shop,
          nicolae_shop_bloodbath_and_beyond, shop

Skill      XL: |  1  2  3  4  5  6  7 |
---------------+----------------------+-----
Maces & Flails | 3 4 5 6 |  6.2
Fighting       | 3 |  3.6
Armour         | 3 4 |  4.1
Dodging        | 2 |  2.5

Action                     |  1- 3 |  4- 6 |  7- 9 || total
---------------------------+-------+-------+-------++-------
  Melee: Mace              |   146 |   115 |    28 ||   289
         Tailslap          |    12 |    13 |     2 ||    27
 Invoke: Berserk           |       |     2 |     1 ||     3
    Use: Scroll            |       |     4 |       ||     4
 Armour: Leather armour    |    35 |       |       ||    35
         Animal skin       |     7 |       |       ||     7
         Scale mail        |    62 |    78 |       ||   140
         Plate armour      |       |    26 |    29 ||    55
  Dodge: Dodged            |    65 |    42 |     6 ||   113

Table legend: (Time is in decaauts)
 A = Elapsed time spent in this place.
 B = Non-inter-level travel time spent in this place.
 C = Inter-level travel time spent in this place.
 D = Time resting spent in this place.
 E = Time spent auto-exploring this place.
 F = Levels seen in this place.
 G = Mean time per level.
                   A        B        C        D        E       F      G
               +--------+--------+--------+--------+--------+-----+--------+
         Total |   3384 |   3272 |    112 |    109 |   2439 |   5 |  676.8 |
       Dungeon |   3384 |   3272 |    112 |    109 |   2439 |   5 |  676.8 |
               +--------+--------+--------+--------+--------+-----+--------+

Top non-repeatable levels by time:
     D:4: 1242 daAuts
     D:2: 848 daAuts
     D:1: 649 daAuts
     D:3: 508 daAuts
     D:5: 135 daAuts
